Map: Acid Plant LE

Players

GOStephano (Stephano)

  • Race: Zerg Zerg
  • League: Master
  • Spawn Location: 5:00

PartinG - Winner!

  • Race: Protoss Protoss
  • League: Master
  • Spawn Location: 11:00

Event: HomeStory Cup XVII

VOD

Have the link to the VOD?

Description

Time

  • Played on: June 30, 2018, 11:47 a.m.
  • Length: 19:22

All games in this series

Show
View Real Time Build Order
Export as new Build Order

GOStephano Zerg 

Build Orders: Hatch First 

Get SALT Encoding   

  12  0:00  Drone  
  13  0:13  Overlord  
  13  0:17  Drone  
  14  0:31  Drone x2  
  16  0:48  Hatchery  
  15  0:51  Drone  
  15  0:55  Drone  
  17  0:58  Drone  
  18  1:09  Extractor  
  17  1:16  Spawning Pool  
  17  1:17  Drone  
  17  1:20  Drone  
  18  1:29  Drone  
  19  1:41  Drone  
  20  1:50  Drone  
  21  2:01  Overlord  
  21  2:02  Queen x2  
  21  2:03  Zergling x2  
  26  2:12  Drone x2  
  26  2:13  Metabolic Boost  
  28  2:22  Drone x2  
  30  2:36  Hatchery  
  29  2:39  Overlord  
  29  2:43  Drone  
  29  2:44  Drone  
  31  2:47  Drone  
  32  2:54  Overlord  
  32  2:58  Drone  
  33  3:00  Queen  
  35  3:10  Drone  
  35  3:14  Drone  
  35  3:15  Drone x5  
  41  3:22  Overlord  
  41  3:25  Lair  
  41  3:27  Drone  
  41  3:29  Extractor  
  41  3:31  Drone  
  41  3:32  Drone  
  43  3:40  Roach Warren  
  42  3:43  Drone x3  
  42  3:45  Drone  
  46  3:48  Drone  
  46  3:49  Drone  
  46  3:53  Drone  
  46  3:54  Drone  
  50  4:01  Spine Crawler, Zergling x6  
  52  4:06  Spore Crawler  
  51  4:10  Overlord  
  51  4:20  Roach x3  
  51  4:21  Overlord  
  51  4:22  Overseer  
  58  4:25  Glial Reconstitution  
  60  4:31  Roach x2  
  60  4:34  Roach, Zergling x4  
  60  4:37  Overlord  
  66  4:43  Overseer  
  66  4:46  Drone x2  
  66  4:47  Drone  
  66  4:48  Roach  
  66  4:51  Zergling x6  
  74  4:54  Overlord  
  74  5:02  Roach x3  
  74  5:03  Overlord  
  74  5:07  Overlord  
  80  5:12  Roach x2  
  83  5:17  Roach  
  83  5:18  Zergling x6  
  88  5:25  Roach x2  
  88  5:26  Zergling x2  
  88  5:27  Zergling x16  
  101  5:35  Spore Crawler  
  100  5:37  Spore Crawler  
  100  5:40  Drone  
  100  5:41  Drone x2  
  100  5:43  Spore Crawler  
  100  5:45  Drone  
  100  5:46  Overlord  
  98  5:54  Drone x9  
  98  5:56  Drone  
  102  6:00  Extractor x2  
  102  6:01  Drone x2  
  89  6:11  Drone x3  
  80  6:18  Spore Crawler x2  
  80  6:20  Spore Crawler x2  
  80  6:21  Spore Crawler  
  80  6:23  Drone, Evolution Chamber  
  80  6:24  Drone x2  
  69  6:30  Spore Crawler  
  64  6:34  Drone x4  
  64  6:35  Drone x6  
  64  6:36  Extractor  
  73  6:47  Hatchery  
  70  6:56  Extractor  
  69  7:05  Drone x3  
  69  7:06  Hydralisk Den  
  69  7:07  Zerg Melee Weapons Level 1  
  69  7:08  Zergling x24  
  72  7:09  Baneling Nest  
  81  7:19  Queen  
  81  7:24  Overlord  
  81  7:30  Overlord  
  81  7:31  Overlord x4  
  81  7:36  Muscular Augments  
  79  7:49  Overlord x3  
  79  7:52  Centrifical Hooks  
  79  7:53  Hydralisk  
  79  7:54  Hydralisk x4  
  79  7:56  Queen  
  91  8:01  Drone x4  
  95  8:09  Hydralisk x4  
  103  8:22  Overlord x2  
  103  8:23  Overlord x2  
  103  8:25  Overlord  
  103  8:42  Hydralisk x4  
  103  8:43  Overlord x3  
  103  8:47  Grooved Spines  
  111  8:56  Hydralisk  
  111  8:57  Hydralisk x3  
  111  8:58  Overlord x2  
  111  8:59  Overlord  
  119  9:08  Baneling x6, Hydralisk x6  
  119  9:09  Zergling x2  
  132  9:15  Hydralisk x2  
  132  9:16  Hydralisk  
  138  9:17  Zergling x2  
  138  9:21  Zergling x6  
  142  9:25  Zergling x4  
  142  9:27  Baneling x6  
  144  9:35  Zergling x12  
  144  9:48  Zerg Melee Weapons Level 2  
  144  9:49  Hatchery  
  143  9:54  Overlord  
  143  9:56  Hydralisk x3  
  149  10:04  Zergling x12  
  147  10:14  Zergling x6  
  149  10:21  Zergling x2  
  149  10:22  Overseer, Zergling x2  
  149  10:23  Hydralisk  
  149  10:24  Hydralisk  
  149  10:26  Zergling x2  
  149  10:27  Zergling x2  
  157  10:34  Hatchery  
  156  10:39  Baneling x14  
  156  10:42  Zergling x4  
  157  10:43  Zergling x2  
  158  10:50  Zergling x12  
  159  10:57  Zergling x8  
  159  10:59  Queen  
  159  11:03  Zergling x14  
  160  11:16  Zergling x10  
  160  11:18  Baneling x9  
  165  11:23  Zergling x4  
  165  11:25  Overlord  
  162  11:36  Zergling x8  
  164  11:45  Zergling x18  
  173  11:50  Baneling x9  
  173  11:51  Baneling x13  
  174  11:54  Zergling x4  
  174  11:56  Overlord  
  174  11:59  Overlord  
  175  12:04  Overlord  
  175  12:07  Zerg Missile Weapons Level 1  
  174  12:10  Zergling x8  
  175  12:18  Zergling x18  
  175  12:19  Baneling  
  176  12:30  Zergling x6  
  176  12:31  Zergling x2  
  174  12:43  Zergling x2  
  174  12:44  Zergling x18  
  161  12:47  Zergling x6  
  161  12:50  Zergling x2  
  148  12:55  Zergling x6  
  143  13:02  Hydralisk x2  
  127  13:06  Zergling x4  
  127  13:11  Zergling x4  
  125  13:14  Queen  
  125  13:16  Hydralisk x2  
  125  13:18  Baneling x17  
  125  13:19  Baneling x2  
  131  13:29  Lurker Den  
  131  13:32  Hatchery  
  129  13:42  Hydralisk x5  
  129  13:46  Extractor  
  137  13:56  Hydralisk x5  
  147  14:11  Zerg Missile Weapons Level 2  
  147  14:16  Drone x9  
  136  14:27  Zergling x16  
  136  14:28  Zergling x2  
  137  14:31  Zergling x2  
  137  14:32  Zergling x4  
  140  14:44  Overseer  
  140  14:45  Overseer, Infestation Pit  
  140  14:52  Overseer, Drone x3  
  142  14:53  Pneumatized Carapace  
  142  14:54  Spore Crawler  
  141  15:01  Lurker x11  
  150  15:09  Spine Crawler  
  150  15:11  Spine Crawler  
  148  15:20  Drone x2  
  150  15:25  Hive  
  150  15:27  Lurker x9  
  159  15:30  Baneling x3  
  159  15:39  Hydralisk x4  
  167  15:48  Overlord x2  
  168  15:50  Zergling x8  
  168  15:51  Zergling x6  
  161  16:12  Zergling x2  
  161  16:13  Zergling x30  
  176  16:28  Overlord  
  168  16:33  Overlord  
  168  16:34  Overseer x2  
  168  16:38  Spire  
  167  16:41  Adaptive Talons, Zerg Missile Weapons Level 3  
  167  16:43  Evolution Chamber  
  155  17:07  Drone x2  
  155  17:08  Drone x4  
  151  17:10  Extractor x2  
  151  17:14  Hydralisk x9  
  167  17:20  Hatchery  
  166  17:29  Overseer  
  166  17:32  Drone x3  
  166  17:35  Hydralisk x6  
  177  17:39  Queen  
  166  18:03  Hydralisk x11  
  159  18:27  Hydralisk x6  
  147  18:43  Hydralisk x5  
  147  18:48  Zergling x14  
  144  18:51  Overseer  
  144  18:55  Overseer x3  
  141  18:57  Hydralisk  
  141  18:58  Hydralisk  
Show
View Real Time Build Order
Export as new Build Order

PartinG Protoss - Winner!

Build Orders: 1 Gate Expand, Phoenix Opening, Mass Phoenix, Zealot Archon 

Get SALT Encoding   

  12  0:00  Probe  
  13  0:12  Probe  
  14  0:20  Pylon  
  14  0:24  Probe  
  15  0:34  Probe  
  15  0:39  Gateway  
  15  0:42  Probe  
  16  0:47  Assimilator  
  17  0:51  Probe  
  18  0:59  Probe  
  19  1:07  Probe  
  20  1:25  Nexus  
  20  1:34  Cybernetics Core  
  20  1:42  Probe  
  20  1:43  Assimilator  
  21  1:51  Pylon  
  21  1:54  Probe  
  21  2:00  Stalker  
  22  2:06  Probe  
  25  2:16  Warp Gate  
  25  2:18  Twilight Council  
  25  2:21  Probe  
  26  2:30  Adept  
  26  2:32  Probe  
  26  2:34  Probe  
  30  2:40  Probe  
  30  2:46  Probe  
  30  2:50  Probe  
  32  2:58  Probe  
  34  3:00  Probe  
  34  3:02  Gateway  
  35  3:08  Probe  
  35  3:10  Probe  
  37  3:13  Stargate  
  37  3:18  Probe  
  37  3:19  Stargate  
  37  3:22  Probe  
  37  3:24  Assimilator  
  39  3:30  Probe  
  39  3:31  Assimilator  
  40  3:34  Probe  
  40  3:35  Pylon  
  40  3:39  Pylon  
  41  3:42  Probe  
  41  3:46  Probe  
  41  3:48  Phoenix  
  43  3:54  Probe  
  44  3:56  Phoenix  
  44  3:58  Probe  
  49  4:06  Probe  
  50  4:10  Probe  
  50  4:11  Phoenix  
  53  4:17  Phoenix  
  53  4:19  Probe  
  53  4:22  Probe  
  57  4:25  Zealot x2  
  57  4:28  Pylon  
  61  4:34  Pylon  
  61  4:38  Phoenix  
  61  4:46  Phoenix  
  61  4:49  Charge  
  65  4:55  Zealot x2  
  69  5:01  Phoenix  
  69  5:03  Phoenix  
  71  5:08  Shield Battery  
  71  5:09  Pylon  
  73  5:22  Nexus  
  73  5:26  Pylon  
  73  5:28  Shield Battery  
  75  5:39  Phoenix x2  
  77  5:45  Zealot x2  
  77  5:47  Shield Battery  
  81  5:54  Shield Battery  
  77  6:01  Phoenix, Shield Battery  
  77  6:02  Shield Battery  
  77  6:05  Zealot x2  
  72  6:19  Phoenix  
  72  6:24  Phoenix  
  72  6:31  Adept x2  
  72  6:32  Probe x2  
  82  6:34  Probe  
  83  6:40  Templar Archives, Robotics Facility  
  83  6:45  Probe x2  
  83  6:46  Probe  
  86  6:55  Sentry  
  86  6:56  Sentry  
  86  6:57  Probe x2  
  86  6:59  Probe  
  93  7:01  Gateway  
  93  7:02  Gateway  
  93  7:09  Probe x2  
  93  7:11  Probe  
  96  7:22  Warp Prism  
  96  7:23  Probe  
  96  7:24  Probe  
  96  7:25  Probe  
  96  7:28  High Templar x2  
  103  7:31  Probe  
  103  7:34  Probe  
  103  7:35  Gateway x2  
  103  7:37  Probe  
  107  7:39  Probe  
  107  7:41  Gateway  
  109  7:45  Gateway  
  109  7:46  Gateway  
  109  7:50  Archon  
  109  7:51  Assimilator  
  109  7:57  Assimilator  
  109  8:03  Pylon  
  109  8:04  Pylon  
  109  8:06  Pylon  
  109  8:11  Forge, Pylon  
  109  8:20  Probe  
  109  8:21  Observer  
  109  8:22  High Templar x4  
  109  8:29  Archon  
  109  8:30  Archon  
  109  8:31  Probe x2, Protoss Ground Weapons Level 1  
  109  8:32  Probe  
  112  8:36  Pylon  
  112  8:38  Zealot  
  112  8:39  Zealot x2  
  118  8:50  Pylon  
  118  8:56  Zealot x6  
  130  9:03  Nexus  
  130  9:04  Pylon  
  130  9:08  Zealot x3  
  136  9:12  Pylon  
  136  9:17  Zealot x6  
  138  9:19  Psionic Storm  
  145  9:38  Zealot x7  
  155  9:46  Robotics Facility  
  155  9:52  High Templar  
  155  9:53  High Templar  
  155  9:59  Photon Cannon  
  159  10:03  High Templar x3  
  161  10:07  Pylon  
  161  10:08  Pylon  
  155  10:16  High Templar  
  155  10:17  High Templar x3  
  155  10:20  Assimilator  
  163  10:23  Probe x3  
  163  10:24  Assimilator  
  166  10:29  Photon Cannon  
  166  10:30  Photon Cannon  
  166  10:31  Immortal x2  
  166  10:33  Photon Cannon, Protoss Ground Weapons Level 2  
  166  10:40  High Templar  
  176  10:46  Shield Battery  
  176  10:48  Shield Battery  
  164  11:02  Zealot x6  
  164  11:03  Zealot  
  164  11:04  Immortal  
  174  11:06  Observer  
  174  11:10  Zealot  
  171  11:24  Fleet Beacon  
  158  11:34  Observer  
  158  11:35  Photon Cannon x2  
  158  11:37  Photon Cannon  
  150  11:47  Photon Cannon x2  
  150  11:49  Shield Battery, Pylon  
  150  11:50  Pylon  
  150  11:51  Shield Battery  
  150  11:52  Photon Cannon, Shield Battery  
  150  11:58  High Templar  
  150  11:59  High Templar x6  
  150  12:00  Mothership  
  164  12:03  Archon x3  
  164  12:04  High Templar  
  166  12:11  Zealot  
  168  12:19  Protoss Air Weapons Level 1  
  146  12:48  Immortal  
  135  12:52  Zealot x9  
  157  13:01  Protoss Ground Weapons Level 3  
  157  13:03  Archon  
  137  13:06  Immortal  
  137  13:08  Archon  
  137  13:09  Archon  
  135  13:19  High Templar x2  
  143  13:20  Assimilator  
  143  13:28  Probe  
  143  13:29  High Templar x3  
  143  13:34  Pylon  
  150  13:36  Probe, Warp Prism  
  150  13:39  Zealot x4  
  159  13:41  Observer  
  162  13:53  Zealot x2  
  164  14:01  High Templar  
  164  14:02  High Templar x3  
  170  14:05  High Templar  
  170  14:06  Pylon  
  170  14:08  Nexus  
  170  14:09  Archon  
  174  14:10  Archon  
  174  14:12  Zealot x2  
  174  14:15  Carrier x2  
  174  14:16  Zealot  
  174  14:17  Zealot  
  138  14:33  Graviton Catapult  
  148  14:42  Immortal  
  148  14:43  Observer  
  148  14:44  High Templar  
  153  15:07  High Templar x2  
  155  15:11  Photon Cannon  
  155  15:12  Photon Cannon  
  155  15:14  Photon Cannon  
  155  15:16  Photon Cannon  
  155  15:17  Photon Cannon  
  155  15:19  Shield Battery  
  155  15:21  Shield Battery  
  155  15:24  Protoss Air Weapons Level 2  
  155  15:25  Assimilator  
  155  15:30  Assimilator  
  155  15:31  Zealot x4  
  163  15:35  Probe  
  163  15:38  Carrier  
  164  15:43  High Templar x2, Probe  
  175  15:54  Probe  
  175  15:55  Observer  
  170  16:01  Observer  
  159  16:04  Carrier  
  159  16:06  Probe  
  158  16:18  Probe  
  158  16:34  Zealot x3  
  158  16:35  Zealot x6  
  176  16:41  Pylon  
  176  16:57  Observer  
  176  16:58  Observer  
  176  16:59  Nexus  
  178  17:01  Pylon  
  158  17:12  Carrier, Zealot x7  
  172  17:23  Oracle  
  161  17:39  High Templar x7  
  175  17:47  Archon x2  
  175  17:48  Archon  
  172  17:57  Zealot x2  
  166  18:10  Archon  
  160  18:14  Zealot  
  160  18:15  Zealot x6  
  172  18:30  Zealot x2  
  172  18:31  Pylon  
  169  18:54  Zealot x5  
Tags
 
Add a new tag
Caveats
  • Supply blocks, unpowered buildings, or Contaminate may cause inaccurate times.
  • Supply counts are checked every 10 seconds.